 Dungeon Crawl Stone Soup version 0.27-a0-1180-g7fc4abc71e (webtiles) character file.

Game seed: 3633333870752187554

7 DasRunzen the Slasher (level 1, 0/17 HPs)
             Began as a Demigod Gladiator on May 17, 2021.
             Slain by a goblin
             ... wielding a +0 mace
              (1 damage)
             ... on level 1 of the Dungeon.
             The game lasted 00:00:27 (225 turns).

DasRunzen the Slasher (Demigod Gladiator)            Turns: 225, Time: 00:00:27

Health: 0/17       AC:  4    Str: 15    XL:     1   Next: 73%
Magic:  3/3        EV: 12    Int: 10    God:
Gold:   7          SH:  0    Dex: 15    Spells: 0/0 levels left

rFire    . . .     SeeInvis .   a - +0 long sword
rCold    . . .     Faith    .   (no shield)
rNeg     . . .     Spirit   .   b - +0 leather armour
rPois    .         Reflect  .   c - +0 helmet
rElec    .         Harm     .   (no cloak)
rCorr    .         Rampage  .   (no gloves)
Will     .....                  (no boots)
Stlth    +.........             (no amulet)
HPRegen  0.05/turn              f - ring of flight
MPRegen  0.08/turn              (no ring)

@: flying
A: high mp 1, forlorn
a: no special abilities


You were on level 1 of the Dungeon.
You visited 1 branch of the dungeon, and saw 1 of its levels.

You collected 7 gold pieces.

Inventory:

Hand Weapons
 a - a +0 long sword (weapon)
Missiles
 d - 3 throwing nets (quivered)
Armour
 b - a +0 leather armour (worn)
 c - a +0 helmet (worn)
Jewellery
 f - a ring of flight (left hand)
Potions
 e - a potion of invisibility {unknown}


   Skills:
 + Level 2.0 Fighting
 + Level 2.8 Long Blades
 - Level 1.7 Throwing
 + Level 0.4 Armour
 + Level 2.8 Dodging


You couldn't memorise any spells.
You didn't know any spells.
Your spell library was empty.

Dungeon Overview and Level Annotations

Branches:
Dungeon (1/15)


Innate Abilities, Weirdness & Mutations

Your attributes grow dramatically as you level up.
You have an increased reservoir of magic. (+10% MP)
You shall have no god before yourself.


Message History

You kill the rat!
The kobold hits you but does no damage.
You slash the kobold!
You kill the kobold!
The hobgoblin misses you.
You riposte.
You closely miss the hobgoblin. You slash the hobgoblin!
You kill the hobgoblin!
Your Fighting skill increases to level 2!
No target in view!
A goblin comes into view. It is wielding a +0 mace.
A goblin is nearby!
Found 11 stones.
Things that are here:
a +0 whip; a kobold corpse No target in view!
No target in view!
No target in view!
A goblin is nearby!
The goblin shouts!
The goblin throws a stone.
The stone misses you.
The goblin throws a stone.
The stone hits you.
A kobold comes into view. It is wielding a +0 hand axe.
The goblin hits you but does no damage.
A hobgoblin comes into view.
You barely miss the goblin.
The hobgoblin shouts!
The goblin hits you with a +0 mace.
A ball python comes into view.
You hear an angry hiss.
You hear a shout!
You closely miss the goblin.
The ball python hisses angrily.
The goblin closely misses you. The goblin hits you with a +0 mace.
You are too injured to fight recklessly!
You are too injured to fight recklessly!
You closely miss the goblin. The goblin closely misses you.
You riposte.
You barely miss the goblin. You miss the goblin.
The goblin hits you with a +0 mace.
* * * LOW HITPOINT WARNING * * *
You closely miss the goblin. The goblin hits you with a +0 mace.
You die...

### #.#... ...#
#.##.. #..###
#.....
.....##.##.#
#....#.##.#
#....(.##.#
#..#.##.#####
#g@...).....#
#S####.†####.##
.. #.## #...#
#. #.# #...# #.
#.####...## #.
#.........# .
..######..#####
.## #.......
#.######


You could see a goblin and a ball python.

Vanquished Creatures
  A hobgoblin (D:1)
  2 quokkas (D:1)
  3 kobolds (D:1)
  A rat (D:1)
7 creatures vanquished.

Notes
Turn   | Place    | Note
-------+----------+-------------------------------------------
     0 | D:1      | DasRunzen the Demigod Gladiator began the quest for the
                  | Orb.
     0 | D:1      | Reached XP level 1. HP: 17/17 MP: 3/3
   225 | D:1      | Slain by a goblin

Illustrated notes

Levels and vault maps discovered:
D:1:      saegor_arrival_simple_d, layout_loops_ring,
          ebering_ecumenical_altar_abandoned, minmay_vboxes

Skill      XL: |  1 |
---------------+----+-----
Fighting       | 2 |  2.0
Long Blades    | |  2.8
Throwing       | |  1.7
Armour         | |  0.4
Dodging        | |  2.8

Action                   || total
-------------------------++-------
Melee: Long sword        ||    22
Armor: Leather armour    ||     8
Dodge: Dodged            ||    16
       Rpst.: Long sword ||     7

Table legend: (Time is in decaauts)
 A = Elapsed time spent in this place.
 B = Non-inter-level travel time spent in this place.
 C = Inter-level travel time spent in this place.
 D = Time resting spent in this place.
 E = Time spent auto-exploring this place.
 F = Levels seen in this place.
 G = Mean time per level.
                   A        B        C        D        E       F      G
               +--------+--------+--------+--------+--------+-----+--------+
         Total |    229 |    229 |      0 |      0 |    180 |   1 |  229.0 |
       Dungeon |    229 |    229 |      0 |      0 |    180 |   1 |  229.0 |
               +--------+--------+--------+--------+--------+-----+--------+

Top non-repeatable levels by time:
     D:1: 229 daAuts
